 Dungeon Crawl Stone Soup version 0.29-a0-284-gf9362112df (webtiles) character file.

Game seed: 9802518808240012813

63 sammy202020 the Skirmisher (level 3, -1/37 HPs)
             Began as a Troll Fighter on Mar 27, 2022.
             Slain by a gnoll
             ... wielding a +2 spear of venom
              (7 damage)
             ... on level 2 of the Dungeon.
             The game lasted 00:02:18 (742 turns).

sammy202020 the Skirmisher (Troll Fighter)           Turns: 742, Time: 00:02:19

Health: -1/37      AC:  4    Str: 24    XL:     3   Next: 87%
Magic:  2/2        EV:  8    Int:  6    God:
Gold:   63         SH:  7    Dex:  9    Spells: 2/2 levels left

rFire   . . .      SeeInvis .     - Unarmed
rCold   . . .      Faith    .   b - +0 kite shield
rNeg    . . .      Spirit   .   a - +0 robe
rPois   .          Reflect  .   (helmet restricted)
rElec   .          Harm     .   (no cloak)
rCorr   .          Rampage  .   (gloves unavailable)
Will    .....                   (boots unavailable)
Stlth   +.........              (no amulet)
HPRegen 0.92/turn               (no ring)
MPRegen 0.08/turn               (no ring)

@: lethally poisoned (-1 -> -3)
A: large, unfitting armour, claws 3, regeneration 1, shaggy fur 1, tough skin 1
a: no special abilities


You were on level 2 of the Dungeon.
You visited 1 branch of the dungeon, and saw 2 of its levels.

You collected 63 gold pieces.

Inventory:

Missiles
 g - 4 boomerangs (quivered)
Armour
 a - a +0 robe (worn)
 b - a +0 kite shield (worn)
Jewellery
 k - a ring of ice
Wands
 j - a wand of charming (8)
Scrolls
 e - 2 scrolls of magic mapping
 f - a scroll of identify {unknown}
 h - 2 scrolls of teleportation {unknown}
Potions
 c - a potion of might
 d - a potion of resistance {unknown}
 i - a potion of lignification {unknown}
 l - a potion of curing {unknown}


   Skills:
 * Level 3.0 Fighting
 + Level 2.8 Dodging
 + Level 2.7 Shields
 * Level 2.9 Unarmed Combat


You had 2 spell levels left.
You didn't know any spells.
Your spell library was empty.

Dungeon Overview and Level Annotations

Branches:
Dungeon (2/15)

Altars:


Innate Abilities, Weirdness & Mutations

You are too large for most types of armour.
You have claws for hands.
Your natural rate of healing is unusually fast.
You are covered in fur. (AC +1)
You have tough skin. (AC +1)


Message History

A gnoll comes into view. It is wielding a +0 spear.
There are monsters nearby! 2 gnolls come into view.
The gnoll shouts! x3
You block the gnoll's attack.
You barely miss the gnoll.
The gnoll hits you with a +2 spear of venom.
You are poisoned.
The gnoll barely misses you. You block the gnoll's attack.
The gnoll hits you but does no damage.
You scratch the gnoll.
The gnoll is lightly wounded.
You feel very sick.
The gnoll hits you from afar with a +0 spear.
The gnoll barely misses you.
The gnoll hits you from afar with a +2 spear of venom.
You block the gnoll's attack.
You claw the gnoll!
You kill the gnoll!
You feel sick.
The gnoll hits you from afar with a +2 spear of venom.
The gnoll closely misses you. The gnoll hits you but does no damage.
Sorry, you're not good enough to have a special ability.
You claw the gnoll!
The gnoll is almost dead.
You feel sick.
The gnoll hits you from afar with a +2 spear of venom.
The gnoll hits you from afar with a +0 spear.
The gnoll hits you with a +0 flail.
You claw the gnoll!
You kill the gnoll!
You feel sick.
The gnoll hits you from afar with a +2 spear of venom.
* * * LOW HITPOINT WARNING * * *
You are more poisoned.
The gnoll barely misses you.
Your Fighting skill increases to level 3!
You feel sick.
The gnoll hits you with a +2 spear of venom!
You die...

...............>#
##########.########
#.............#
#.####..#####.#
#...##+.#####.#
#########..........##.#
#............####..##.#
#.....)......#..#...#.#
#....g@..#.##..#†##.#..
+.....g....#.#...[#..##
#........#.#...(#.#..#
#........#.##.#..##..#
#........#...#.)#....#
############.####....#
#.. .....# # .#....#
.##....#


You could see 2 gnolls.

Vanquished Creatures
  2 gnolls (D:2)
  An adder (D:2)
  A worm (D:2)
  2 ball pythons (D:1)
  2 bats (D:1)
  2 endoplasms
  3 giant cockroaches
  2 goblins
  3 hobgoblins (D:1)
  A jackal (D:2)
  4 kobolds
  2 quokkas
  2 frilled lizards (D:1)
  A rat (D:2)
28 creatures vanquished.

Notes
Turn   | Place    | Note
-------+----------+-------------------------------------------
     0 | D:1      | sammy202020 the Troll Fighter began the quest for the Orb.
     0 | D:1      | Reached XP level 1. HP: 22/22 MP: 0/0
   124 | D:1      | Found a faded altar of an unknown god.
   283 | D:1      | Reached XP level 2. HP: 29/29 MP: 1/1
   706 | D:2      | Reached XP level 3. HP: 31/36 MP: 2/2
   742 | D:2      | Reached skill level 3 in Fighting
   742 | D:2      | Slain by a gnoll

Illustrated notes

Levels and vault maps discovered:
D:1:      matt_arrival_diagonals, layout_basic,
          ebering_ecumenical_altar_sacrificial
D:2:      layout_basic, minmay_hexomino_c4

Skill      XL: |  1  2  3 |
---------------+----------+-----
Fighting       | 3 |  3.0
Dodging        | |  2.8
Shields        | |  2.7
Unarmed Combat | |  2.9

Action                   || total
-------------------------++-------
Melee: Unarmed           ||    66
  Use: Scroll            ||     3
Armor: Robe              ||    19
Dodge: Dodged            ||    27
Block: Kite shield       ||    18

Table legend: (Time is in decaauts)
 A = Elapsed time spent in this place.
 B = Non-inter-level travel time spent in this place.
 C = Inter-level travel time spent in this place.
 D = Time resting spent in this place.
 E = Time spent auto-exploring this place.
 F = Levels seen in this place.
 G = Mean time per level.
                   A        B        C        D        E       F      G
               +--------+--------+--------+--------+--------+-----+--------+
         Total |    748 |    723 |     25 |      0 |    559 |   2 |  374.0 |
       Dungeon |    748 |    723 |     25 |      0 |    559 |   2 |  374.0 |
               +--------+--------+--------+--------+--------+-----+--------+

Top non-repeatable levels by time:
     D:1: 499 daAuts
     D:2: 249 daAuts
